cohdb
Replays
Latest Replays
All Replays
Popular Replays
Top Player Replays
Match Explorer
How It Works
Community
CoH3 Stats
Reddit
Sign in to upload your games and track your stats! →
Sign in with Steam
Match 45386911
Unlisted
Match 45386911
Overview
Messages
Build Orders
End
Kradschützen Motorcycle Team
Panzergrenadier Squad
Panzergrenadier Squad
Construct Light Support Kompanie
MG34 Team
Fire Support Elements
le.IG 18 Support Gun Team
Panzerjäger Mechanized Group
Panzerpioneer Squad
Selects Battlefield Espionage Battlegroup
Selects Sector Subterfuge Beacon
Selects Plunder
Pak 38 Anti-tank Gun Team
2.5-tonne Medical Truck
Selects 250/3 Funkpanzerwagen
Construct Panzerarmee Kommand
Pak 38 Mechanized Group
Selects Anti-Tank Incendiary Munitions
Panzer III L Medium Tank
Emergency Repair Kits
Vehicle Survival Package
Rapid Advance
Armored Reserves
Tiger Heavy Tank
Tungsten Core Ammunition
Panzer III L Medium Tank
Selects Firestorm
Selects Operation Skorpion
Firestorm
Advanced Field Repairs
Firestorm
Firestorm
Panzer III L Medium Tank
Firestorm
Rolling9Deep
Crashing this Game
pagep
7k this year for sure
0
0
Comments
sign in to comment!
No comments posted yet!